 Dungeon Crawl Stone Soup version 0.18-a0-1027-g814d7dd (webtiles) character file.

33 tof the Shield-Bearer (level 3, -1/29 HPs)
             Began as a Formicid Fighter on Jan 8, 2016.
             Slain by an orc
             ... wielding a +0 club
              (4 damage)
             ... on level 2 of the Dungeon.
             The game lasted 00:03:29 (1818 turns).

tof the Shield-Bearer (Formicid Fighter)            Turns: 1818, Time: 00:03:29

Health: -1/29      AC:  9    Str: 20    XL:     3   Next: 47%
Magic:  3/3        EV:  8    Int:  7    God:
Gold:   81         SH:  9    Dex: 11    Spells: 0 memorised, 2 levels left

rFire  . . .     SeeInvis +     a - +0 flail
rCold  . . .     Gourm    .     n - +0 ring mail (curse)
rNeg   . . .     Faith    .     c - +0 shield
rPois  .         Spirit   .     (helmet unavailable)
rElec  .         Dismiss  .     g - +1 cloak
rCorr  .         Reflect  .     (no gloves)
SustAt .         Harm     .     p - +0 pair of boots
MR     .....                    (no amulet)
Stlth  +.........               (no ring)
                                (no ring)

@: not resistant to hostile enchantments, very unstealthy
A: permanent stasis, dig shafts and tunnels, four strong arms, antennae 3
a: Dig, Shaft Self


You were on level 2 of the Dungeon.
You were not hungry.

You visited 1 branch of the dungeon, and saw 3 of its levels.

You collected 81 gold pieces.

Inventory:

Hand Weapons
 a - a +0 flail (weapon)
Armour
 b - a +0 scale mail
 c - a +0 shield (worn)
 g - a +1 cloak (worn)
 n - a cursed +0 ring mail (worn)
 p - a +0 pair of boots (worn)
Jewellery
 k - an uncursed ring of wizardry {unknown}
Scrolls
 e - 4 scrolls of recharging {unknown}
 m - a scroll of remove curse {unknown}
Potions
 d - a potion of might
 i - a potion of heal wounds {unknown}
 j - 2 potions of curing {unknown}
 l - a potion of lignification {unknown}
 o - a potion of flight {unknown}
Comestibles
 f - 3 bread rations
 h - 3 fruits


   Skills:
 + Level 3.3 Fighting
 * Level 2.2 Maces & Flails
 * Level 4.1 Armour
 * Level 4.2 Shields


You had 2 spell levels left.
You didn't know any spells.

Dungeon Overview and Level Annotations

Branches:
Dungeon (3/15)

Altars:
Trog

Annotations:
D:3 Scarn's ghost, amateur TeEE


Innate Abilities, Weirdness & Mutations

You are under a permanent stasis effect.
You can dig through walls and to a lower floor.
Your four strong arms can wield two-handed weapons with a shield.
You have a pair of large antennae on your head (SInv).


Message History

You closely miss Scarn's ghost. You block the orc's attack.
Scarn's ghost hits you. You block the orc's attack. x2
You completely miss Scarn's ghost. Scarn's ghost hits you.
You block the orc's attack. The orc hits you but does no damage.
Scarn's ghost hits you!
You miss Scarn's ghost. You block the orc's attack.
The orc hits you with a club.
* * * LOW HITPOINT WARNING * * *
You block Scarn's ghost's attack. The orc hits you with a club.
* * * LOW HITPOINT WARNING * * *
The orc barely misses you. Scarn's ghost hits you.
* * * LOW HITPOINT WARNING * * *
You climb upwards.
There is a stone staircase leading down here.
Unknown command.
You closely miss the orc. You block the orc's attack. x2
The orc hits you with a club.
* * * LOW HITPOINT WARNING * * *
You barely miss the orc. The orc hits you with a club.
You die...

.........#### #.#..........#.....
.####.......# #.#.....#.##....###
.# #.#.###.# #..........###...##
.# ##.#.###.####.##.####.##.....#
## #....##.....[.##.## #<###...##
#.#.##..⌠...⌠..##.# #.# ##.##
#...#...........#.# #.# #.#
##.##.....⌠.....#.###.# #.#
#.##..>....)@o.#.....# ##+##
#..#.....⌠...o.#.#######...##
#.##...........#.# ##.....# #
##.###..⌠.(.⌠†.##.# ##.......
####...###.......##..####........
+.......................'.......<
####...###########...####........
# ##..# #..## ##....... ##.# #.##
##.....#


You could see 2 orcs.

Vanquished Creatures
  An orc (D:2)
  6 giant cockroaches
  2 goblins
  3 hobgoblins
  2 kobolds
  2 quokkas (D:2)
  A ball python (D:2)
  5 bats
  2 giant newts
  5 rats
29 creatures vanquished.

Notes
Turn   | Place    | Note
--------------------------------------------------------------
     0 | D:1      | tof the Formicid Fighter began the quest for the Orb.
     0 | D:1      | Reached XP level 1. HP: 18/18 MP: 1/1
   168 | D:1      | Reached XP level 2. HP: 20/24 MP: 2/2
   675 | D:1      | Reached skill level 4 in Shields
   790 | D:2      | Reached XP level 3. HP: 29/29 MP: 3/3
  1399 | D:2      | Found a bloodstained altar of Trog.
  1576 | D:3      | Noticed Scarn's ghost (amateur TeEE)
  1818 | D:2      | Slain by an orc

Vault maps used:
D:1:      dpeg_arrival_erosion, dk_noncrumbling_4
D:2:      bloody_trog, first_bread, grunt_ministairs_10
D:3:      uniq_robin

Action                   || total
-------------------------++-------
Melee: Flail             ||   101
  Eat: Chunk             ||     3
